 Dungeon Crawl Stone Soup version 0.22-a0-32-ga749362bc3 (webtiles) character file.

259 NixNut the Shield-Bearer (level 6, -3/48 HPs)
             Began as a Formicid Fighter on Jan 3, 2018.
             Was an Initiate of Nemelex Xobeh.
             Killed by nerve-wracking pain
             ... invoked by an orc priest
              (14 damage)
             ... on level 3 of the Dungeon.
             The game lasted 00:11:30 (3163 turns).

NixNut the Shield-Bearer (Formicid Fighter)         Turns: 3163, Time: 00:11:30

Health: -3/48      AC:  8    Str: 23    XL:     6   Next: 40%
Magic:  7/7        EV:  8    Int:  7    God:    Nemelex Xobeh [......]
Gold:   172        SH: 10    Dex: 10    Spells: 5/5 levels left

rFire    . . .     SeeInvis +   a - +0 long sword
rCold    . . .     Gourm    +   c - +0 shield
rNeg     . . .     Faith    .   b - +0 scale mail
rPois    .         Spirit   .   (helmet unavailable)
rElec    .         Reflect  .   (no cloak)
rCorr    .         Harm     .   (no gloves)
MR       .....                  t - +0 pair of boots
Stlth    ..........             v - amulet of the gourmand
HPRegen  0.16/turn              (no ring)
MPRegen  0.10/turn              (no ring)

@: drained
A: permanent stasis, dig shafts and tunnels, four strong arms, antennae 3
a: Dig, Shaft Self, Renounce Religion


You were on level 3 of the Dungeon.
You worshipped Nemelex Xobeh.
Nemelex Xobeh was noncommittal.
You were full.

You visited 1 branch of the dungeon, and saw 3 of its levels.

You collected 172 gold pieces.

Inventory:

Hand Weapons
 a - a +0 long sword (weapon)
Armour
 b - a +0 scale mail (worn)
 c - a +0 shield (worn)
 t - a +0 pair of boots (worn)
Jewellery
 v - an amulet of the gourmand (around neck)
Wands
 q - a wand of iceblast (7)
Scrolls
 d - a scroll of blinking {unknown}
 e - 3 scrolls of remove curse
 h - a scroll of enchant armour {unknown}
 i - 2 scrolls of teleportation
 k - 3 scrolls of identify
 l - a scroll of enchant weapon {unknown}
 m - a scroll of immolation {unknown}
Potions
 g - a potion of ambrosia {unknown}
 j - a potion of agility {unknown}
 n - a potion of heal wounds {unknown}
 o - a potion of degeneration {unknown}
 r - a potion of resistance {unknown}
 u - a potion of haste {unknown}
Comestibles
 f - 5 rations


   Skills:
 + Level 4.2(4.1) Fighting
 * Level 4.1(4.0) Long Blades
 - Level 3.2 Armour
 * Level 5.7(5.6) Shields
 * Level 1.4(1.3) Invocations


You had 5 spell levels left.
You didn't know any spells.

Dungeon Overview and Level Annotations

Branches:
Dungeon (3/15)

Altars:
Fedhas
Nemelex Xobeh
Xom


Innate Abilities, Weirdness & Mutations

You cannot be hasted, slowed, berserked, paralysed or teleported.
You can dig through walls and to a lower floor.
Your four strong arms can wield two-handed weapons with a shield.
You have a pair of large antennae on your head. (SInv)


Message History

* * * LOW HITPOINT WARNING * * *
You feel better.
You hit the orc.
The orc is heavily wounded.
The orc hits you.
* * * LOW HITPOINT WARNING * * *
The orc closely misses you.
You draw a card...
It is Vitriol.
The deck of cards disappears without a trace.
You have drawn Vitriol.
Press: ? - help, Shift-Dir - straight line, f - orc priest
Aim: an orc priest, wielding a flail and wearing a scale mail The glob of acid hits the orc.
The orc is splashed with acid.
The acid corrodes the orc!
You kill the orc!
The orc hits you but does no damage.
The orc priest invokes the aid of Beogh against you.
Pain shoots through your body!
You die...
Your body disappears without a glow.

###.# #.....##.###......####...#
....# ########.##......## ##...#
÷##.# #.##..#.#.# #..... .##.#
#.##..#.#.# ##...# ....#
#.......#.# #...# .####
####..###.# #...# .###########
#.>###.#####...#
...........#######o............##
##########......@[o.####.#####...
###########........##.##
#.###.##...... #.# #.#####.#. #.#
#÷#####.#. ###.###.......#.
#............... #......###......
#...............


You could see an orc priest and an orc.

Vanquished Creatures
  An ogre (D:3)
  A howler monkey (D:3)
  An orc wizard (D:3)
  4 adders
  An ooze (D:1)
  4 worms
  2 dart slugs
  2 leopard geckos
  8 orcs (D:3)
  8 goblins
  A hobgoblin (D:2)
  2 jackals (D:3)
  3 kobolds
  A quokka (D:2)
  7 bats
  5 frilled lizards
  4 rats
55 creatures vanquished.

Notes
Turn   | Place    | Note
-------+----------+-------------------------------------------
     0 | D:1      | NixNut the Formicid Fighter began the quest for the Orb.
     0 | D:1      | Reached XP level 1. HP: 18/18 MP: 1/1
   233 | D:1      | Reached XP level 2. HP: 24/24 MP: 2/2
   273 | D:1      | Reached skill level 4 in Shields
   660 | D:1      | Reached XP level 3. HP: 29/29 MP: 3/3
  1498 | D:2      | Found a sparkling altar of Nemelex Xobeh.
  1503 | D:2      | Became a worshipper of Nemelex Xobeh the Trickster
  1580 | D:2      | Reached XP level 4. HP: 21/37 MP: 4/4
  2342 | D:3      | Received a gift from Nemelex Xobeh
  2397 | D:3      | Noticed an ogre
  2412 | D:3      | Killed an ogre
  2412 | D:3      | Reached skill level 5 in Shields
  2412 | D:3      | Reached XP level 5. HP: 16/42 MP: 5/5
  2620 | D:3      | Reached XP level 6. HP: 42/48 MP: 6/6
  2709 | D:3      | Found a blossoming altar of Fedhas.
  2756 | D:3      | Reached skill level 1 in Invocations
  2913 | D:3      | Found a shimmering altar of Xom.
  3163 | D:3      | Killed from afar by an orc priest

Vault maps used:
D:1:      evilmike_arrival_hilbert_curve
D:2:      first_ration, nemelex_spade_bored_becter
D:3:      lemuel_crystal_altar, fedhas_altar_2

Skill      XL: |  1  2  3  4  5  6 |
---------------+-------------------+-----
Shields        | 4 5 |  5.7
Long Blades    | 3 4 |  4.1
Fighting       | 4 |  4.2
Invocations    | 1 |  1.4
Armour         | |  3.2

Action                   |  1- 3 |  4- 6 || total
-------------------------+-------+-------++-------
Melee: Long sword        |    81 |   126 ||   207
Evoke: Deck              |       |     6 ||     6
  Use: Potion            |       |     2 ||     2
       Scroll            |       |     3 ||     3
  Eat: Chunk             |     2 |    15 ||    17
       Ration            |       |     1 ||     1
Armor: Scale mail        |    35 |    67 ||   102
Dodge: Dodged            |    43 |    50 ||    93
Block: Shield            |       |    28 ||    28
       Rpst.: Long sword |    11 |    19 ||    30

Table legend:
 A = Spawn XP
 B = Non-spawn XP
 C = Spawn XP percentage of total XP
 D = Spawn monster count
 E = Non-spawn monster count
 F = Spawn count percentage of total count
 G = Total turns spent on level
                    A         B        C        D         E        F      G
               +---------+---------+-------+---------+---------+-------+---------
         Total |       0 |     370 |   0.0 |       0 |      55 |   0.0 |  3163
               +---------+---------+-------+---------+---------+-------+---------
           D:1 |       0 |      31 |   0.0 |       0 |      14 |   0.0 |  1030
           D:2 |       0 |      39 |   0.0 |       0 |      14 |   0.0 |   780
           D:3 |       0 |     300 |   0.0 |       0 |      27 |   0.0 |  1353
               +---------+---------+-------+---------+---------+-------+---------
